[Event "Early-Titled-Tuesday-Blitz-April-02-2024"]
[Site "Chess.com"]
[Date "2024.04.02"]
[Round "11"]
[White "AnaKuchava"]
[Black "MIss_MIaMI"]
[Result "0-1"]
[WhiteElo "2188"]
[BlackElo "2369"]
[TimeControl "180+1"]
[EndTime "10:08:38 PDT"]
[Termination "MIss_MIaMI won by resignation"]

1. d4 c5 2. d5 g6 3. c4 Bg7 4.
Nf3 d6 5. e4 Bg4 6. Be2 Bxf3 7.
Bxf3 Nd7 8. O-O Ngf6 9. Nc3 O-O 10. Bf4 a6 11. a4 b6 12. Re1 Ne8 13. Qd2 Ne5 14.
Be2 f5 15. Bh6 Qd7 16. f4 Bxh6 17. Rf1 Nf7 18. Bf3 Nf6 19. Rae1 fxe4 20. Nxe4 Nxe4 21.
Bxe4 Rae8 22. Qd3 Nh8 23. f5 Rf6 24. fxg6 hxg6 25. h3 Kg7 26. g4 Bf4 27. Re2 Ref8 28. Rg2 Be5 29. Rxf6 Rxf6 30. g5 Bd4+ 31. Kh2 Rf4 32.
Bf3 Be5 33. Kh1 Qf5 34. Qxf5 Rxf5 35. Be4 Rf4 36. Re2 Nf7 37. Kg2 Nxg5 38. Bd3 Rd4 39. Re3 Bf6 40. b3 Nh7 41. Bc2 Rf4 42. Kg3 Rf1 43.
Re6 Rc1 44. Bd3 Nf8 45. Re3 Rc3 46. Rf3 Be5+ 47. Kg2 Nd7 48. h4 Nf6 49. h5 Nxh5 50. Be4 Rxf3 51. Bxf3 Nf4+ 52. Kf1 g5 53. Bg4 Kf6 54.
Kf2 a5 55. Kf3 Nd3 56. Bd7 Nc1 57. b4 Nb3 58. bxa5 Nxa5 59. Bb5 Bd4 60. Kg4 Be3 61.
Bd7 Bf4 62. Be8 Nxc4 63. Bd7 Nb2 64. a5 bxa5 0-1

[Event "Early-Titled-Tuesday-Blitz-April-02-2024"]
[Site "Chess.com"]
[Date "2024.04.02"]
[Round "11"]
[White "FMStan15"]
[Black "smotherhubbard"]
[Result "0-1"]
[WhiteElo "2131"]
[BlackElo "2361"]
[TimeControl "180+1"]
[EndTime "10:08:39 PDT"]
[Termination "smotherhubbard won on time"]

1. e4 e6 2. d4 d5 3. e5 c5 4. c3 Nc6 5. Nf3 Bd7 6. dxc5 Bxc5 7. Bd3 f6 8. exf6 Nxf6 9. O-O O-O 10. Bg5 Qe8 11.
Qc2 Qh5 12. Bxf6 Rxf6 13. Be2 Rh6 14. h3 Rf8 15. Nh2 Qg5 16. Ng4 Rh4 17. Qd2 Qg6 18. Bd3 Qh5 19. Be2 Qf7 20. Bf3 h5 21. Ne3 Rxh3 22.
gxh3 Qxf3 23. Ng2 Qxh3 24. Qg5 Qf3 25. Qh4 Be7 26. Qg3 Qxg3 27. fxg3 Bc5+ 28. Ne3 Bxe3+ 29.
Kg2 Rxf1 30. Kxf1 Ne5 31. Ke2 Ng4 32. Na3 Bf2 33. Rf1 Bxg3 34. Rh1 g6 35. Kf3 Bd6 36. Nc2 e5 37. Rd1 Bc6 38. Ke2 h4 39. Rh1 Kg7 40.
Rxh4 Bd7 41. Rh1 Nf6 42. Rg1 Bc6 43. Ne3 Bb5+ 44. Kd2 Bc6 45. b4 b5 46. a3 d4 47. Ng4 Ne4+ 48. Kd3 Nxc3 49. Nf2 Bd5 50. Rh1 Bc4+ 51. Kc2 e4 52. Ng4 Be7 53. Rh2 Be6 54. Ne5 Bf6 55. Nc6 d3+ 56. Kd2 Bg5+ 57. Kxc3 Bf5 58.
Nd4 d2 59. Rh1 Bg4 60. Ne6+ Bxe6 61. Kd4 Bg4 62. Kxe4 d1=Q 0-1

[Event "Early-Titled-Tuesday-Blitz-April-02-2024"]
[Site "Chess.com"]
[Date "2024.04.02"]
[Round "11"]
[White "Kate1606"]
[Black "jcmesafischer"]
[Result "0-1"]
[WhiteElo "2122"]
[BlackElo "2373"]
[TimeControl "180+1"]
[EndTime "10:08:41 PDT"]
[Termination "jcmesafischer won on time"]

1. e4 c5 2. a3 Nc6 3. b4 cxb4 4. axb4 Nxb4 5. d4 g6 6. c3 Nc6 7. d5 Na5 8. Nf3 Bg7 9. Be2 b6 10. O-O Nf6 11. e5 Ne4 12. Qd4 Nc5 13. Rxa5 Nb3 14. Qa4 Nxa5 15. d6 e6 16. Bg5 f6 17. exf6 Bxf6 18.
Qh4 Bxg5 19. Nxg5 h6 20. f4 Qf6 21. Bd3 hxg5 22. Bxg6+ Kd8 23. Qg4 Qxg6 24. fxg5 Bb7 25. Nd2 Qd3 26. Qf4 Re8 27. Qf6+ Kc8 28. Qf7 Rd8 29.
Qf2 Qxd6 30. g6 Kc7 31. g7 Rg8 32. Nf3 Rxg7 33. g3 Rag8 34. Nd4 Rxg3+ 35. hxg3 Rxg3+ 36. Kh2 Rf3+ 37. Kg1 Rxf2 38. Nb5+ Kc8 39. Nxd6+ Kb8 40. Rxf2 Bd5 41. c4 Nxc4 42. Rf8+ Kc7 43. Nxc4 Bxc4 44.
Kf2 b5 45. Ke3 e5 46. Re8 d6 47. Re7+ Kb6 48. Kd2 a5 49. Kc3 Kc5 50. Rc7+ Kb6 51.
Rd7 Kc6 52. Ra7 a4 53. Kb4 e4 54. Re7 d5 55. Kc3 Kd6 56. Re8 a3 57. Ra8 a2 58.
Kb2 Ke5 59. Re8+ Kd4 60. Ka1 e3 61. Re7 Kd3 0-1

[Event "Early-Titled-Tuesday-Blitz-April-02-2024"]
[Site "Chess.com"]
[Date "2024.04.02"]
[Round "11"]
[White "mary-sanna"]
[Black "Shiner22"]
[Result "1-0"]
[WhiteElo "2235"]
[BlackElo "2296"]
[TimeControl "180+1"]
[EndTime "10:08:46 PDT"]
[Termination "mary-sanna won on time"]

1. d4 Nf6 2. Nc3 e6 3. Bf4 c5 4.
e3 h6 5. Nf3 Nh5 6. Bg3 Nxg3 7.
hxg3 Nc6 8. d5 exd5 9. Nxd5 d6 10. Bc4 g5 11. Nxg5 Qxg5 12. Nc7+ Kd8 13. Nxa8 Bg4 14.
Qd2 Be7 15. Bd5 Kd7 16. f3 Be6 17. Bxe6+ fxe6 18. O-O-O Rxa8 19. g4 d5 20. Rh5 Qg7 21.
Rdh1 Bg5 22. f4 Bf6 23. Rxh6 Bxb2+ 24. Kb1 Ne7 25. Rh7 Qf6 26. g5 Qc3 27. Qxc3 Bxc3 28. Rf7 Kd6 29. Rhh7 Re8 30. g4 d4 31. e4 e5 32. f5 c4 33. Rf6+ Kc5 34. Re6 d3 35.
cxd3 cxd3 36. Rexe7 Rd8 37. Rc7+ Kb4 38. Rhd7 Rh8 39.
Rxd3 Rh1+ 40. Kc2 Rh2+ 41. Kc1 Bb2+ 42. Kb1 Bd4 43. Rxb7+ Kc4 44. Rd1 Rg2 45. g6 Rxg4 46.
g7 a5 47. f6 Kc3 48. Rc7+ Kb4 49. Rc8 Rg2 50. Rc2 Rg6 51. f7 Rxg7 52. f8=Q+ 1-0

[Event "Early-Titled-Tuesday-Blitz-April-02-2024"]
[Site "Chess.com"]
[Date "2024.04.02"]
[Round "11"]
[White "LornerAcosta"]
[Black "francyIM"]
[Result "0-1"]
[WhiteElo "2629"]
[BlackElo "2802"]
[TimeControl "180+1"]
[EndTime "10:08:48 PDT"]
[Termination "francyIM won by resignation"]

1. Nf3 g6 2. d4 Bg7 3. c3 Nf6 4. Bf4 Nh5 5. Bd2 d6 6. e4 O-O 7. Be2 e5 8. O-O Nc6 9. Be3 Re8 10. Nbd2 Nf6 11. dxe5 Nxe5 12. h3 Bd7 13. Qc2 Nxf3+ 14.
Bxf3 Bc6 15. Rfe1 Nd7 16. Bd4 Qh4 17. Nc4 Nf6 18. Nd2 h6 19. Rad1 Nh7 20. Be3 Ng5 21. Bxg5 Qxg5 22. g3 h5 23. h4 Qa5 24. Nb3 Qa4 25.
Rd2 Re7 26. Nd4 Bxd4 27. cxd4 Qxc2 28. Rxc2 Rae8 29. Rce2 f5 30. d5 Bb5 31. Re3 fxe4 32. Rxe4 Rxe4 33. Rxe4 Rxe4 34. Bxe4 Kg7 35. f4 Kf6 36.
Kf2 Bd7 37. Ke3 c5 38. dxc6 bxc6 39. Kd4 a5 40. a3 Be8 41. b4 axb4 42. axb4 Ke6 43.
Bd3 Ke7 44. Be4 Kd7 45. Bd3 Kc7 46. Be4 Kb6 47. Bd3 Bf7 48. Be2 c5+ 49. bxc5+ dxc5+ 50. Ke5 c4 51. Kd4 Kb5 52. Bd1 Kb4 53. Bc2 c3 54.
Bd3 Be8 55. f5 gxf5 56. Bxf5 Kb3 57. Ke5 Kb2 58. Kf4 Bd7 59. Bxd7 c2 60. g4 c1=Q+ 61.
Kf5 Qc2+ 62. Kg5 Qd2+ 63. Kxh5 Qxd7 64. g5 Qh7+ 65. Kg4 Kc3 66. h5 Qe4+ 0-1

[Event "Early-Titled-Tuesday-Blitz-April-02-2024"]
[Site "Chess.com"]
[Date "2024.04.02"]
[Round "11"]
[White "sorch29"]
[Black "tortorchess"]
[Result "1-0"]
[WhiteElo "2435"]
[BlackElo "2227"]
[TimeControl "180+1"]
[EndTime "10:08:49 PDT"]
[Termination "sorch29 won on time"]

1. c4 c5 2. Nf3 Nc6 3. d4 cxd4 4. Nxd4 e5 5. Nb5 d6 6. g3 Nf6 7.
Bg2 Be7 8. N1c3 a6 9. Na3 Be6 10. O-O O-O 11. Bg5 Rc8 12. Bxf6 Bxf6 13. Nd5 Bxd5 14. Bxd5 Qc7 15. Nc2 Rfd8 16. h4 Ne7 17. Ne3 g6 18. Rc1 Bg7 19. Qb3 Rb8 20. c5 Nxd5 21. Nxd5 Qd7 22. Rfd1 Kh8 23. Nb6 Qe7 24.
cxd6 Rxd6 25. Nc8 Rxd1+ 26. Qxd1 Qf8 27. Qd7 h5 28. Qc7 Bh6 29. Rc2 Rxc8 30. Qxc8 Qxc8 31. Rxc8+ Kg7 32. Rb8 b5 33. Rb6 Bc1 34. b3 Bb2 35.
Rxa6 b4 36. Ra4 Bc3 37. Kg2 f6 38. Ra7+ Kf8 39. Ra6 Kf7 40. Kf3 f5 41. e3 e4+ 42.
Ke2 Be5 43. Rb6 Bc3 44. Rc6 Bb2 45. Rc4 Ba3 46. Rc7+ Kf6 47. Rc6+ Kf7 48. Rb6 Kg7 49. f3 exf3+ 50. Kxf3 Kf7 51. e4 Kg7 52. exf5 gxf5 53. Kf4 Bc1+ 54. Kxf5 Bd2 55. Rb7+ Kh6 56. Rb6+ Kg7 57.
Rg6+ Kh7 58. Rg5 Kh6 59. Rg8 Kh7 60. Rd8 Be3 61. Rd3 Bc1 62. Rd4 Ba3 63. Kg5 Kg7 64.
Kxh5 Kf6 65. g4 Ke5 66. Rc4 Kf6 67. g5+ Kf5 68. g6 Kf6 69. Rc6+ Kg7 70. Kg5 Bc1+ 71. Kf5 Bh6 72. Rc7+ Kg8 73. Kf6 1-0

[Event "Early-Titled-Tuesday-Blitz-April-02-2024"]
[Site "Chess.com"]
[Date "2024.04.02"]
[Round "11"]
[White "Laico"]
[Black "ChempionBg"]
[Result "1-0"]
[WhiteElo "2397"]
[BlackElo "2291"]
[TimeControl "180+1"]
[EndTime "10:08:50 PDT"]
[Termination "Laico won by checkmate"]

1. e4 c5 2. Nc3 Nc6 3. f4 g6 4. Nf3 Bg7 5. Bb5 e6 6. Bxc6 dxc6 7. d3 Ne7 8. O-O O-O 9. Qe1 b6 10. Qh4 Bb7 11. f5 exf5 12. Bh6 fxe4 13. Ng5 Nf5 14.
Rxf5 gxf5 15. Bxg7 Kxg7 16. Qxh7+ Kf6 17. Rf1 Qd4+ 18.
Kh1 Bc8 19. Ncxe4+ Ke7 20. Re1 Be6 21. Nxc5 Qxc5 22.
Rxe6+ Kd7 23. Rf6 Rae8 24. Nf3 Qe7 25. Qxf5+ Kd8 26. Rxc6 Qe1+ 27. Ng1 Qe5 28. Qc8+ Ke7 29. Rc7+ Kf6 30. Qb7 Qe6 31. Rc6 Qxc6 32. Qxc6+ Re6 33. Qc3+ Ke7 34. Nf3 Re8 35. h3 Kf8 36. Qh8+ Ke7 37. Qh4+ Kd7 38. Qa4+ Ke7 39. Qxa7+ Kf8 40. a4 R8e7 41.
Qb8+ Kg7 42. b4 Re2 43. Qxb6 Rxc2 44. Qd4+ Kh7 45. Qh4+ Kg7 46. Qxe7 Rc1+ 47. Kh2 Rc2 48. Qe5+ f6 49. Qd4 Kf7 50. Qg4 Ke7 51. Qe4+ Kf7 52.
d4 Kg7 53. Qg4+ Kf7 54. Nh4 Kf8 55. Nf5 Kf7 56. d5 Ke8 57. Qg7 Rc4 58. Qe7# 1-0

[Event "Early-Titled-Tuesday-Blitz-April-02-2024"]
[Site "Chess.com"]
[Date "2024.04.02"]
[Round "11"]
[White "karinachess1"]
[Black "Actuary44"]
[Result "1-0"]
[WhiteElo "2616"]
[BlackElo "2522"]
[TimeControl "180+1"]
[EndTime "10:08:51 PDT"]
[Termination "karinachess1 won by resignation"]

1. d4 Nf6 2. c4 g6 3. Nf3 Bg7 4.
g3 d6 5. Bg2 O-O 6. Nc3 Nfd7 7.
O-O Nc6 8. d5 Nce5 9. Nd2 Nb6 10. Qb3 c5 11. h3 e6 12. f4 Ned7 13. dxe6 fxe6 14. Nf3 h6 15. Be3 Qe7 16. Rad1 Kh8 17.
Bf2 Nf6 18. e4 Nh5 19. Nb5 Bd7 20. Nxd6 Ba4 21. Qd3 Bxd1 22. Rxd1 e5 23. Bxc5 exf4 24. g4 Ng3 25. b4 Na4 26. Bf2 Nb2 27. Qc2 Nxd1 28.
Qxd1 Nxe4 29. Nxe4 Qxe4 30. Nh4 Qe8 31. Qc2 Rf6 32.
Be4 g5 33. Ng6+ Rxg6 34. Bxg6 Qe5 35. Kg2 Rd8 36. Bf5 Qc3 37. Qe2 Qxb4 38. Qe6 Qd6 39.
Qf7 Qf6 40. Qc7 Rf8 41. Qxb7 Qf7 42. Qe4 Qe8 43. Qd3 Qd8 44. Qc2 Qc7 45. Be4 Re8 46.
Bf3 Qe7 47. c5 Rc8 48. c6 Qd6 49. Qc4 Qe7 50. a4 Qd6 51. a5 a6 52. Qxa6 Qc7 53.
Qb5 Rb8 54. Qc4 Rd8 55. Qc2 Bd4 56. a6 Bxf2 57. Qxf2 Qa5 58. Qb2+ Kg8 59. Qb3+ Kf8 60. Be2 Qd5+ 61. Qxd5 Rxd5 62. a7 Ra5 63. c7 Rxa7 64. c8=Q+ Ke7 65. Qc5+ Ke6 66. Qxa7 1-0

[Event "Early-Titled-Tuesday-Blitz-April-02-2024"]
[Site "Chess.com"]
[Date "2024.04.02"]
[Round "11"]
[White "ansko1999"]
[Black "dosto07"]
[Result "1-0"]
[WhiteElo "2619"]
[BlackElo "2444"]
[TimeControl "180+1"]
[EndTime "10:08:51 PDT"]
[Termination "ansko1999 won by resignation"]

1. c4 e5 2. g3 Nf6 3. Bg2 Nc6 4. Nc3 Bb4 5. Nd5 a5 6. a3 Bc5 7. d3 d6 8. Bd2 Nxd5 9. Bxd5 O-O 10. e3 Bf5 11.
Bc3 a4 12. Ne2 Qd7 13. d4 exd4 14. exd4 Bb6 15. O-O Rfe8 16. Nf4 Be4 17. h4 Qf5 18. Qd2 Bxd5 19. Nxd5 Qf3 20. Rfe1 h6 21. Nxb6 cxb6 22.
d5 Ne5 23. Bxe5 Rxe5 24. Rxe5 dxe5 25. Re1 Re8 26. Qb4 Qb3 27. Qxb3 axb3 28. Re3 Rc8 29. Rxb3 Rxc4 30. Rxb6 Rc7 31. d6 Rd7 32. Kf1 f6 33. Ke2 Kf7 34. h5 Ke6 35. g4 Kd5 36. b4 Kc4 37. Ke3 Kb3 38. Ke4 Kc4 39. a4 Rf7 40. a5 Rd7 41. f3 Rf7 42. Kf5 Kd5 43. b5 Rd7 44. a6 bxa6 45. bxa6 Ra7 46. Rb7 Rxa6 47. Rxg7 Rxd6 48. Rg6 Kd4 49. Rxf6 Rd8 50. Rxh6 Rf8+ 51. Rf6 Rb8 52. Rd6+ Ke3 53. Kxe5 Kxf3 54. g5 Rb5+ 55. Kf6 Kf4 56. Rd4+ Kg3 57. Ra4 Rb6+ 58. Kf5 Rb5+ 59. Kf6 Rb6+ 60. Ke7 Rb7+ 61. Kd6 Rb6+ 62. Kc5 Re6 63. g6 Re5+ 64. Kd6 Rxh5 65. Ke6 Rg5 66. Kf6 Rb5 67. g7 Rb6+ 68. Kf7 Rb7+ 69.
Kg6 Rb6+ 70. Kh7 Rb7 71. Kh8 Rb8+ 72. g8=Q+ Rxg8+ 73. Kxg8 1-0

[Event "Early-Titled-Tuesday-Blitz-April-02-2024"]
[Site "Chess.com"]
[Date "2024.04.02"]
[Round "11"]
[White "Lucky_Puncher"]
[Black "Kazmin_Semyon"]
[Result "1-0"]
[WhiteElo "2502"]
[BlackElo "2585"]
[TimeControl "180+1"]
[EndTime "10:08:55 PDT"]
[Termination "Lucky_Puncher won by checkmate"]

1. d4 Nf6 2. c4 e6 3. Nc3 Bb4 4. e3 O-O 5. Bd3 Re8 6. a3 Bf8 7. Nf3 d6 8. O-O e5 9. e4 exd4 10. Nxd4 c6 11. Bg5 Nbd7 12. Re1 Qa5 13. Qd2 h6 14. Bh4 Qh5 15. Bg3 Ne5 16. Be2 Qg6 17. f4 Ned7 18. Bf3 a5 19. Nf5 Nc5 20. Nxd6 Rd8 21. f5 Qg5 22. Bf4 Rxd6 23. Bxg5 Rxd2 24. Bxd2 Nb3 25. Rad1 Nxd2 26. Rxd2 Bc5+ 27. Kh1 Bb6 28. e5 Ne8 29. g4 a4 30. Ree2 Ra5 31. Kg2 Bc7 32. e6 fxe6 33. fxe6 Kf8 34. e7+ Kf7 35. Rd8 Ra8 36. Ne4 Kxe7 37. Rd3 Kf8 38. Nc5 Ra5 39.
Ne6+ Bxe6 40. Rxe6 Be5 41. Rd8 Bxb2 42. Rdxe8+ Kf7 43.
R8e7+ Kf8 44. Rxb7 Bxa3 45. Rxc6 Ra8 46. Rbc7 Ra5 47. Rd7 Ra8 48. Rf6+ gxf6 49. Bxa8 Bc5 50. Rd5 Bb4 51. Rb5 Bc3 52. c5 a3 53. Bd5 Ke7 54.
Rb7+ Kd8 55. c6 Kc8 56. Be6+ Kd8 57. c7+ Ke7 58. c8=Q+ Kd6 59. Qd7+ Ke5 60. Rb5+ Kf4 61. Qd3 Be5 62. Qf5+ Ke3 63. Rb3+ Kd4 64. Qd3+ Kc5 65. Qc4+ Kd6 66. Qd5+ Ke7 67. Rb7+ Kf8 68. Qd8# 1-0

[Event "Early-Titled-Tuesday-Blitz-April-02-2024"]
[Site "Chess.com"]
[Date "2024.04.02"]
[Round "11"]
[White "vangulio"]
[Black "Kopytkin"]
[Result "1/2-1/2"]
[WhiteElo "2562"]
[BlackElo "2440"]
[TimeControl "180+1"]
[EndTime "10:08:59 PDT"]
[Termination "Game drawn - insufficient material"]

1. e4 Nf6 2. e5 Nd5 3. d4 d6 4. Nf3 g6 5. Be2 Bg7 6. O-O O-O 7. Re1 Nc6 8. exd6 cxd6 9. c4 Nb6 10. Be3 d5 11. c5 Nc4 12. Bc1 Bg4 13. Nc3 e6 14.
Bxc4 dxc4 15. Be3 Nb4 16. Rb1 Nd3 17. Rf1 Rb8 18. h3 Bxf3 19. Qxf3 Bxd4 20. Qe4 Bxc5 21.
Bxc5 Nxc5 22. Qxc4 Rc8 23. Rfd1 Qe7 24. Qb4 Qc7 25.
Rbc1 Qb6 26. Qxb6 axb6 27. b4 Na6 28. a3 Rfd8 29. Na4 b5 30. Nb6 Rxd1+ 31. Rxd1 Rc6 32. Nd7 Nc7 33. Ne5 Rc3 34. Rd7 f6 35. Ng4 Nd5 36. Rxb7 h5 37. Ne3 Nxe3 38. fxe3 Rxa3 39. Kf2 f5 40.
Rxb5 Kf7 41. Rb6 Kf6 42. Kf3 h4 43. b5 Rb3 44. Rb8 g5 45. b6 Ke5 46. b7 f4 47.
Kg4 fxe3 48. Kf3 Rb4 49. Kxe3 Rb3+ 50. Kf2 Ke4 51. Re8 Rxb7 52. Rxe6+ Kf5 53. Re2 Rb3 54. Re3 Rb2+ 55. Kf3 Rb5 56. Rd3 Rc5 57. Re3 Rc4 58. Rd3 Rc5 59. Re3 Rd5 60. Rc3 Rb5 61. Re3 Rb1 62.
Re2 Rd1 63. Re3 Rf1+ 64. Ke2 Rb1 65. Kf3 Rb5 66. Rd3 Re5 67. Re3 Rxe3+ 68. Kxe3 g4 69. hxg4+ Kxg4 70. Kf2 Kf4 71. Ke2 Kg3 72. Kf1 Kh2 73. Kf2 Kh1 74. Kf3 Kg1 75. Kg4 Kxg2 76. Kxh4 1/2-1/2

[Event "Early-Titled-Tuesday-Blitz-April-02-2024"]
[Site "Chess.com"]
[Date "2024.04.02"]
[Round "11"]
[White "Aygehovit1992"]
[Black "Fy_Rakotomaharo"]
[Result "1-0"]
[WhiteElo "2865"]
[BlackElo "2713"]
[TimeControl "180+1"]
[EndTime "10:09:00 PDT"]
[Termination "Aygehovit1992 won on time"]

1. e4 c5 2. Nf3 e6 3. d4 cxd4 4. Nxd4 Nf6 5. Nc3 Nc6 6. a3 Be7 7. Be3 O-O 8. Be2 d6 9. O-O Bd7 10. f4 Rc8 11. Kh1 a6 12. Qe1 Nxd4 13. Bxd4 b5 14.
Qg3 Qc7 15. Bd3 g6 16. f5 e5 17. Be3 Bc6 18. Bh6 Rfe8 19. Bg5 Qd8 20. fxg6 fxg6 21.
Bh6 Bf8 22. Bxf8 Rxf8 23. a4 b4 24. Nd5 Bxd5 25. exd5 a5 26. Bf5 Rc4 27. Be6+ Kg7 28. Qd3 Rd4 29. Qa6 Qc7 30. c3 Rc4 31. cxb4 Rxb4 32.
Rac1 Qb6 33. Qxb6 Rxb6 34. Rc7+ Kh6 35. Rc6 Nxd5 36. Rxf8 Rxc6 37. g3 Ne3 38. h4 d5 39.
Bg8 Kg7 40. Rd8 d4 41. Bb3 Rb6 42. Rd7+ Kf8 43. Ba2 Rxb2 44. Be6 Rb6 45. Ba2 Rb2 46. Be6 Rb1+ 47. Kh2 Rb6 48. Bh3 Rb2+ 49. Kg1 Rd2 50. Rxh7 e4 51. Re7 Nf5 52. Rxe4 Nxg3 53. Rg4 Nf5 54.
Rxg6 Nxh4 55. Rg4 Nf3+ 56. Kf1 Nh2+ 57. Ke1 Ra2 58. Rf4+ Ke7 59. Rf2 Rxf2 60. Kxf2 d3 61. Ke3 Kd6 62. Kxd3 Kc5 63. Kc3 Nf3 64. Bg2 Ne5 65.
Be4 Nd7 66. Bd3 1-0

[Event "Early-Titled-Tuesday-Blitz-April-02-2024"]
[Site "Chess.com"]
[Date "2024.04.02"]
[Round "11"]
[White "NigiriSushies"]
[Black "Alenzer"]
[Result "0-1"]
[WhiteElo "2264"]
[BlackElo "2208"]
[TimeControl "180+1"]
[EndTime "10:09:00 PDT"]
[Termination "Alenzer won by checkmate"]

1. e4 c5 2. Nf3 e6 3. d4 cxd4 4. Nxd4 Nf6 5. Nc3 Nc6 6. Ndb5 d6 7. Bf4 e5 8. Bg5 a6 9. Na3 b5 10. Nd5 Be7 11. Bxf6 Bxf6 12. c3 Bg5 13. Nc2 Be6 14.
a4 bxa4 15. Ncb4 Nxb4 16. cxb4 O-O 17. h4 Bh6 18. Rxa4 a5 19. Bc4 axb4 20. Rxb4 Qa5 21. O-O Bxd5 22. Rb5 Bxc4 23. Rxa5 Rxa5 24. Re1 d5 25. b3 Ba6 26. exd5 Rd8 27. Rxe5 g6 28. b4 Ra2 29. g3 Bg7 30. Qb1 Ra4 31. Re1 Ra1 32.
Qxa1 Bxa1 33. Rxa1 Bb5 34. Ra5 Rxd5 35. Kh2 Kf8 36. Ra8+ Ke7 37. Rh8 h5 38. Rb8 Kd6 39.
Rd8+ Kc6 40. Rf8 Rf5 41. Rc8+ Kb7 42. Rc2 Bc6 43. f4 Rb5 44. Re2 Rxb4 45. Re7+ Kb6 46. Rxf7 Rb2+ 47. Kg1 Rg2+ 48. Kf1 Rxg3 49. Rf6 Rg4 50.
f5 gxf5 51. Rxf5 Rxh4 52. Kg1 Kc7 53. Kf2 Kd6 54. Kg3 Rh1 55. Rg5 Rg1+ 56. Kh4 Rxg5 57. Kxg5 Bf3 58. Kh4 Ke5 59. Kg5 Ke4 60. Kh4 Kf4 61.
Kh3 Kg5 62. Kh2 Bg4 63. Kg3 h4+ 64. Kh2 Kf4 65. Kg2 h3+ 66. Kh2 Kf3 67. Kg1 Kg3 68. Kh1 Bf3+ 69. Kg1 h2+ 70. Kf1 h1=Q# 0-1

[Event "Early-Titled-Tuesday-Blitz-April-02-2024"]
[Site "Chess.com"]
[Date "2024.04.02"]
[Round "11"]
[White "Gabrielian_Artur"]
[Black "slidingknight2775"]
[Result "1/2-1/2"]
[WhiteElo "2788"]
[BlackElo "2618"]
[TimeControl "180+1"]
[EndTime "10:09:03 PDT"]
[Termination "Game drawn by repetition"]

1. Nf3 Nf6 2. g3 g6 3. Bg2 Bg7 4. O-O O-O 5. d4 d6 6. c4 Nc6 7. Nc3 a6 8. Bf4 Rb8 9. Rc1 Bd7 10. Qd2 b5 11. Nd5 Ne4 12. Qe3 f5 13.
Bh6 bxc4 14. Bxg7 Kxg7 15. Rxc4 Be6 16. Rxc6 Bxd5 17. Rxa6 Rxb2 18. Ng5 Rxa2 19. Bxe4 fxe4 20. Rxa2 Bxa2 21. Qxe4 e5 22. Nf3 exd4 23. Ra1 Bf7 24. Qxd4+ Qf6 25. Ra7 c5 26. Qd2 Kg8 27. h4 Bc4 28.
Qh6 Rf7 29. Ra8+ Rf8 30. Ra7 Rf7 31. Rxf7 Bxf7 32. Ng5 Qg7 33. Qxg7+ Kxg7 34. Ne4 c4 35. e3 d5 36. Nc3 Kf6 37. f3 Ke5 38. Kf2 h6 39. g4 g5 40. hxg5 hxg5 41. Ne2 Bg8 42. Nd4 Bh7 43. Ke2 Bg6 44. Kd2 Bh7 45. Kc3 Bg6 46.
Nc6+ Kd6 47. Nb4 Ke5 48. Nc6+ Kd6 49. Nd4 Ke5 50. Ne2 Bh7 51. Ng3 Bg6 52. Ne2 Bh7 53. Kd2 Kd6 54. Nd4 Ke5 55. Nb5 Bg6 56. Nc3 d4 57.
exd4+ Kxd4 58. Ne2+ Ke5 59. Ke3 Bd3 60. Nc3 Bg6 61. Nb5 Bd3 62. Nd4 Bg6 63. Ne2 Bd3 64.
Nc3 Bg6 65. Na4 Bh7 66. Nc3 Bd3 67. Nd1 Bg6 68. Nc3 Bd3 69. Na4 Bg6 70. Nc3 Bd3 1/2-1/2

[Event "Early-Titled-Tuesday-Blitz-April-02-2024"]
[Site "Chess.com"]
[Date "2024.04.02"]
[Round "11"]
[White "EvgenyBurmakin"]
[Black "ritanovikova"]
[Result "1-0"]
[WhiteElo "2366"]
[BlackElo "2153"]
[TimeControl "180+1"]
[EndTime "10:09:04 PDT"]
[Termination "EvgenyBurmakin won on time"]

1. e4 d5 2. exd5 Qxd5 3. Nc3 Qd6 4. Bc4 Nf6 5. d3 c6 6. Nge2 Bf5 7. Bf4 e5 8. Bg3 Qc7 9. Qd2 Bd6 10. O-O-O Nbd7 11.
h3 O-O-O 12. Rhe1 Nb6 13. Bb3 e4 14. Bxd6 Rxd6 15. Qf4 Bg6 16. dxe4 Rxd1+ 17. Rxd1 Qxf4+ 18.
Nxf4 Bxe4 19. Bxf7 Bf5 20. g4 Bd7 21. g5 Ne8 22.
Ne4 Rf8 23. Bxe8 Rxf4 24. Nd6+ Kc7 25. Bxd7 Nxd7 26. Ne8+ Kc8 27. Rd2 g6 28. Kd1 Rf3 29.
Ke2 Rxh3 30. Nd6+ Kc7 31. Nxb7 Nb6 32. Nc5 Nd5 33. Ne6+ Kb6 34. c4 Ne7 35. Rd7 Nf5 36. b4 a5 37. bxa5+ Kxa5 38. Rb7 Ka6 39. Nc5+ Ka5 40.
Nb3+ Ka4 41. Rb6 Ka3 42. Rxc6 Rxb3 43. Ra6+ Kb2 44. axb3 Nd4+ 45. Kd3 Nf3 46. Rb6 Ne1+ 47. Ke4 Ng2 48. c5 h5 49. c6 h4 50. c7 h3 51. c8=Q h2 52. Qh3 Nf4 53. Qxh2 Ne2 54. f4 Kc3 55. b4 Nc1 56. Qg3+ Nd3 57. Qxd3+ Kb2 58. b5 Ka1 59. Rc6 Ka2 60. Rc2+ 1-0

[Event "Early-Titled-Tuesday-Blitz-April-02-2024"]
[Site "Chess.com"]
[Date "2024.04.02"]
[Round "11"]
[White "AlexanderKing"]
[Black "falzehope0"]
[Result "1-0"]
[WhiteElo "2594"]
[BlackElo "2373"]
[TimeControl "180+1"]
[EndTime "10:09:12 PDT"]
[Termination "AlexanderKing won on time"]

1. c4 e6 2. g3 d5 3. Bg2 c6 4.
Nf3 f5 5. O-O Nf6 6. cxd5 exd5 7. d3 Bd6 8. Nc3 O-O 9. e4 fxe4 10. dxe4 dxe4 11. Ng5 Qe7 12. Ngxe4 Bc7 13. Bg5 Nbd7 14. Re1 Qf7 15. Qb3 Qxb3 16. axb3 Nxe4 17. Nxe4 Nb6 18. Nc5 Nd5 19. Bxd5+ cxd5 20. Ne6 Bxe6 21. Rxe6 Bb6 22. Be3 Bxe3 23. Rxe3 Rfd8 24. Rd3 a6 25.
Rc1 Rd7 26. Rc5 Rad8 27. b4 Kf7 28. b5 Ke6 29. bxa6 bxa6 30. Ra5 Rd6 31. Re3+ Kd7 32.
Kf1 Rc8 33. Rd3 Rc1+ 34. Kg2 Ke6 35. Rda3 Rcc6 36. Kf3 d4 37. Rd3 Rb6 38. Ke4 Rxb2 39. f4 Re2+ 40. Kf3 Re1 41. f5+ Kf6 42. g4 Rf1+ 43. Ke4 h6 44. Rxd4 Re1+ 45. Kd3 Rd1+ 46. Ke3 R1xd4 47. h3 R4d5 48. Ra4 a5 49. h4 Re5+ 50.
Kf4 Rb5 51. g5+ hxg5+ 52. hxg5+ Kf7 53. Rc4 Ra6 54. Rc7+ Kf8 55. g6 Rb4+ 56. Kg5 Rb8 57. f6 gxf6+ 58. Kh6 Kg8 59. Rg7+ Kf8 60. Rh7 Raa8 61.
Rf7+ Ke8 62. Kg7 a4 63. Kxf6 Kd8 64. Re7 Rb6+ 65. Kf7 Rxg6 66. Re8+ Kd7 67. Rxa8 Rg4 68. Kf6 Kc6 69. Kf5 Kb5 70. Kxg4 Kb4 71. Kf3 a3 72. Ke2 Kb3 73. Kd2 Kb2 74. Rb8+ Ka1 75. Kc3 a2 76. Kb3 Kb1 77. Rh8 Kc1 78. Rh1+ Kd2 79. Ra1 Ke2 80. Rxa2+ Kd3 81. Rc2 1-0

[Event "Early-Titled-Tuesday-Blitz-April-02-2024"]
[Site "Chess.com"]
[Date "2024.04.02"]
[Round "11"]
[White "wonderfultime"]
[Black "Polish_fighter3000"]
[Result "0-1"]
[WhiteElo "2988"]
[BlackElo "3154"]
[TimeControl "180+1"]
[EndTime "10:09:13 PDT"]
[Termination "Polish_fighter3000 won by resignation"]

1. d4 Nf6 2. Nf3 d5 3. Bf4 c5 4. c3 Nc6 5. e3 Qb6 6. Qc2 Nh5 7. Be5 e6 8. Nbd2 Bd7 9. Be2 Rc8 10. Qb3 f6 11. Bg3 Nxg3 12. hxg3 g6 13. O-O Kf7 14. Rfe1 cxd4 15. exd4 Bd6 16. Nf1 Qxb3 17.
axb3 a5 18. Bb5 b6 19. Ne3 Rc7 20. Bd3 h5 21. Re2 g5 22. Rae1 Ne7 23. Nc2 g4 24. Nd2 Rcc8 25. Nf1 f5 26. f4 gxf3 27. gxf3 Rcg8 28.
Rg2 h4 29. gxh4 Ng6 30. Rd1 Nf4 31. Rxg8 Rxg8+ 32. Kh1 Rg2 33. Nfe3 Rf2 34. Ba6 Rxf3 35. Rf1 Rh3+ 36. Kg1 Rxh4 37. Rf3 Rh3 38. Rxh3 Nxh3+ 39. Kf1 Bc6 40. Be2 Nf4 41. Bf3 Bd7 42. Ne1 Kf6 43. Kf2 Be8 44. c4 dxc4 45. bxc4 Bb4 46. N3c2 Bd2 47. b3 e5 48. dxe5+ Kxe5 49. Bb7 Bxe1+ 50. Kxe1 Nd3+ 51. Kd2 Nc5 52. Bg2 Nxb3+ 53. Kc3 Nc5 54. Ne1 Bh5 55. Nc2 f4 56. Ne1 Bg4 57. Bc6 Bf5 58. Nf3+ Kd6 59. Nd4 Be4 60. Be8 f3 61. Bh5 f2 62. Be2 Bg2 63. Nf5+ Ke5 64. Ne3 Bh3 65.
Kd2 Kd4 66. Nc2+ Ke4 67. Kc3 f1=Q 68. Bxf1 Bxf1 69. Na3 Ke5 70. Nb5 Ne4+ 71. Kb3 Bxc4+ 72. Kxc4 Nd6+ 0-1

[Event "Early-Titled-Tuesday-Blitz-April-02-2024"]
[Site "Chess.com"]
[Date "2024.04.02"]
[Round "11"]
[White "newauto"]
[Black "Blackwhite017"]
[Result "1-0"]
[WhiteElo "2194"]
[BlackElo "2076"]
[TimeControl "180+1"]
[EndTime "10:09:14 PDT"]
[Termination "newauto won on time"]

1. d4 d5 2. Nf3 e6 3. Bg5 Be7 4. Bxe7 Nxe7 5. c3 O-O 6. Nbd2 b6 7. e4 dxe4 8. Nxe4 a5 9. Bd3 Ba6 10. O-O Bxd3 11. Qxd3 Nd7 12. Rfe1 Nf5 13. Rad1 Nd6 14. Ne5 Nxe5 15. dxe5 Nxe4 16. Qxe4 Qe7 17. Rd4 Rad8 18. Red1 Rxd4 19. Qxd4 Re8 20. f4 Kf8 21. h3 Rb8 22. Qe4 Rd8 23. Rxd8+ Qxd8 24. Qxh7 Qd1+ 25. Kh2 Qd2 26. Qh4 Ke8 27. b4 Qxc3 28. bxa5 Qxa5 29.
Qh8+ Ke7 30. Qxg7 Qxa2 31. Qf6+ Ke8 32. h4 Qe2 33. Qh8+ Kd7 34. Qh7 Ke7 35. h5 b5 36.
Kh3 b4 37. h6 Qh5+ 38. Kg3 b3 39. Qb1 Qxh6 40. Qxb3 Qg6+ 41. Kf3 Qh5+ 42. Kf2 Qh4+ 43. g3 Qh2+ 44. Kf3 Qh1+ 45. Ke2 Qg2+ 46. Kd1 Qf1+ 47. Kc2 Qe2+ 48. Kb1 Qe4+ 49. Ka2 Qa8+ 50. Kb2 Qg2+ 51. Ka3 Qa8+ 52. Kb2 Qg2+ 53. Kc1 Qf1+ 54. Kb2 Qa6 55. Qb4+ Ke8 56. Qd4 Qb5+ 57. Kc3 Qa5+ 58.
Kd3 Qb5+ 59. Ke4 Qe2+ 60. Qe3 Qc2+ 61. Kf3 Qc6+ 62. Kg4 Qd5 63. Qc3 Qd7 64. Qc5 Qe7 65.
Qc6+ Kf8 66. Qa8+ Kg7 67. Qe4 Qc5 68. Qd3 Qc6 69. Kg5 1-0